 Dungeon Crawl Stone Soup version 0.30-b1-2-g02819fbbbe (webtiles) character file.

Game seed: 5157569085300487685

9 Alarkh the Shooter (level 2, 22/22 HPs)
             Began as a Demonspawn Hunter on July 11, 2023.
             Got out of the dungeon alive.
             The game lasted 00:00:16 (291 turns).

Alarkh the Shooter (Demonspawn Hunter)               Turns: 291, Time: 00:00:16

Health: 22/22      AC:  3    Str: 11    XL:     2   Next: 3%
Magic:  2/2        EV: 11    Int: 10    God:
Gold:   30         SH:  0    Dex: 16    Spells: 1/1 levels left

rFire   . . .        a - +0 shortbow
rCold   . . .        (shield currently unavailable)
rNeg    . . .        c - +0 leather armour
rPois   .            (no helmet)
rElec   .            (no cloak)
rCorr   .            (no gloves)
SInv    .            (no boots)
Will    .....        (no amulet)
Stlth   +            (no ring)
HPRegen 0.23/turn    (no ring)
MPRegen 0.08/turn

%: no passive effects
@: no status effects
A: hooves 1
a: no special abilities


You escaped.
You visited 1 branch of the dungeon, and saw 1 of its levels.

You collected 30 gold pieces.

Inventory:

Hand Weapons
 a - a +0 shortbow (weapon)
 b - a +1 short sword of venom
Armour
 c - a +0 leather armour (worn)
Scrolls
 e - a scroll of brand weapon {unknown}
 f - a scroll of immolation
 g - 3 scrolls of enchant weapon {unknown}
Potions
 d - a potion of invisibility {unknown}


   Skills:
 + Level 2.2 Fighting
 * Level 3.9 Ranged Weapons
 - Level 1.7 Dodging
 - Level 0.8 Stealth


You had one spell level left.
You didn't know any spells.
Your spell library contained the following spells:

 Spells                   Type           Power      Damage    Failure   Level
 Poisonous Vapours        Pois/Air       0%         N/A       58%         2
 Mephitic Cloud           Conj/Pois/Air  0%         N/A       83%         3
 Freezing Cloud           Conj/Ice/Air   0%         6-21      100%        5


Dungeon Overview and Level Annotations

Branches:
Dungeon (1/15)

Altars:


Innate Abilities, Weirdness & Mutations

You have large cloven feet.


Message History

You hear a shout!
You shoot an arrow. The arrow hits the bat.
You kill the bat!
The bat closely misses you.
You shoot an arrow. The arrow hits the bat!
You kill the bat!
The goblin hits you with a +0 club.
You shoot an arrow. The arrow hits the goblin.
You kill the goblin!
No target in view!
A hobgoblin comes into view.
A hobgoblin is nearby!
A hobgoblin is nearby!
You shoot an arrow. The arrow closely misses the hobgoblin.
You shoot an arrow. The arrow closely misses the hobgoblin.
The hobgoblin hits you but does no damage.
You shoot an arrow. The arrow closely misses the hobgoblin.
The hobgoblin closely misses you.
You shoot an arrow.
The arrow hits the hobgoblin but does no damage.
The hobgoblin hits you.
You shoot an arrow. The arrow closely misses the hobgoblin.
The hobgoblin closely misses you. The hobgoblin barely misses you.
You shoot an arrow. The arrow hits the hobgoblin!
You kill the hobgoblin!
You have reached level 2!
You feel monstrous as your demonic heritage exerts itself.
Your demonic ancestry asserts itself...
Your feet thicken and deform.
Unknown command.
HP restored.
There is an open door here.
There is an open door here.
You see here a +0 leather armour.
You see here 6 stones.
There is an open door here.
There is an open door here.
There is a staircase leading out of the dungeon here.
Are you sure you want to leave the Dungeon?
This will make you lose the game!
You have escaped!

~.♣~~♣ P~~♣P~# ~PP~~♣♣♣~~PP~#
~PP~~.♣♣~~♣♣~# ~♣♣~~♣♣P~~P♣~#
~♣P~~♣..~~♣P~#
~P♣~~~~~~~.♣~#####
~♣P~.....~♣P~#...#
~~~~.###.~~~~#...#
.....#○#.....'..@#
~~~~.###.~~~~#...# ...
~P♣~.....~♣.~#...# ....
~P.~~~~~~~P.~##### ....
~.P~~P♣.~~♣P~# ...
~♣P~~♣PP~~♣.~# #.##
~P♣~~♣.♣~~P♣~#
###+#+#######.†.
~♣P~~...~~♣P~# #..........#
#.
~.♣~~♣♣♣~~P.~#####.†........#
#.


There were no monsters in sight!

Vanquished Creatures
  4 bats (D:1)
  A goblin (D:1)
  A hobgoblin (D:1)
  A quokka (D:1)
7 creatures vanquished.

Notes
Turn   | Place    | Note
-------+----------+-------------------------------------------
     0 | D:1      | Alarkh the Demonspawn Hunter began the quest for the Orb.
     0 | D:1      | Reached XP level 1. HP: 16/16 MP: 1/1
   173 | D:1      | Discovered your monstrous ancestry.
   173 | D:1      | Gained mutation: You have large cloven feet. [demonic
                  | ancestry]
   173 | D:1      | Reached XP level 2. HP: 20/22 MP: 2/2
   291 | D:$      | Got out of the dungeon alive.

Illustrated notes

Levels and vault maps discovered:
D:1:      lightli_arrival_farm, layout_basic, minmay_octomino_e4

Action                     || total
---------------------------++-------
   Fire: Shortbow          ||    16
 Armour: Leather armour    ||     2
  Dodge: Dodged            ||     4
